 Dungeon Crawl Stone Soup version 0.29.1-2-gbd0b4ee654 (webtiles) character file.

Game seed: 3465825593957997648

333 BearBoy19 the Chopper (level 6, -3/53 HPs)
             Began as a Hill Orc Fighter on Nov 29, 2022.
             Engulfed by a cloud of flame (22 damage)
             ... on level 4 of the Dungeon.
             The game lasted 00:20:58 (2226 turns).

BearBoy19 the Chopper (Hill Orc Fighter)            Turns: 2226, Time: 00:20:59

Health: -3/53      AC:  9    Str: 21    XL:     6   Next: 52%
Magic:  6/6        EV:  8    Int:  8    God:
Gold:   100        SH:  8    Dex: 10    Spells: 5/5 levels left

rFire   . . .      SeeInvis .   a - +0 war axe
rCold   . . .      Faith    .   d - +0 kite shield
rNeg    . . .      Spirit   .   b - +0 scale mail
rPois   .          Reflect  .   g - +0 helmet
rElec   .          Harm     .   n - +0 cloak
rCorr   .          Rampage  .   (no gloves)
Will    .....                   (no boots)
Stlth   ..........              (no amulet)
HPRegen 0.17/turn               (no ring)
MPRegen 0.10/turn               (no ring)

@: no status effects
A: no striking features
a: no special abilities


You were on level 4 of the Dungeon.
You visited 1 branch of the dungeon, and saw 4 of its levels.

You collected 100 gold pieces.

Inventory:

Hand Weapons
 a - a +0 war axe (weapon)
 i - a +0 club
 m - a +0 flail
 r - a +0 whip
Missiles
 j - 6 poisoned darts (quivered)
 t - a stone
Armour
 b - a +0 scale mail (worn)
 c - a +0 buckler
 d - a +0 kite shield (worn)
 g - a +0 helmet (worn)
 n - a +0 cloak (worn)
Magical Staves
 f - a staff of death
Scrolls
 k - a scroll of immolation
 q - 2 scrolls of teleportation
 s - a scroll of silence {unknown}
Potions
 e - a potion of degeneration {unknown}
 l - a potion of brilliance {unknown}
 o - a potion of resistance {unknown}
 p - 2 potions of flight {unknown}


   Skills:
 + Level 4.4 Fighting
 + Level 5.9 Axes
 + Level 0.5 Throwing
 + Level 4.7 Armour
 + Level 1.0 Dodging
 + Level 4.2 Shields


You had 5 spell levels left.
You didn't know any spells.
Your spell library was empty.

Dungeon Overview and Level Annotations

Branches:
Dungeon (4/15)
 Temple: D:4-7

Altars:


Message History

Found 20 gold pieces.
Dowan casts a spell.
Dowan blinks!
Duvessa hits you but does no damage. The kobold attacks as you move away!
The kobold hits you but does no damage. Duvessa barely misses you.
You hit Duvessa.
Flame seeps out of Duvessa.
Duvessa is lightly wounded.
You slash the adder!
You kill the adder!
You closely miss the kobold. The kobold hits you but does no damage.
Dowan says, "Stay away from my face!"
Duvessa is engulfed in blazing flames.
Flame seeps out of Duvessa.
Duvessa hits you but does no damage.
You barely miss Duvessa.
Duvessa is moderately wounded.
You closely miss the kobold. The kobold hits you with a +0 club.
Duvessa is engulfed in blazing flames.
Flame seeps out of Duvessa.
Duvessa hits you with a +0 short sword.
You hit Duvessa.
Flame seeps out of Duvessa.
Duvessa is severely wounded.
You closely miss the kobold. The kobold hits you but does no damage.
Duvessa is engulfed in blazing flames.
Flame seeps out of Duvessa.
Duvessa hits you but does no damage. You block the kobold's attack.
Duvessa is engulfed in blazing flames.
Dowan screams, "No!
Oh no!"
Dowan seems to find hidden reserves of power!
Duvessa explodes!
The fiery explosion engulfs the kobold!!
The fiery explosion engulfs you!
The fiery explosion engulfs the adder!!!
The adder explodes!
The fiery explosion engulfs Dowan!!
You kill Dowan!
The kobold explodes!
The fiery explosion engulfs you!!
* * * LOW HITPOINT WARNING * * *
You hear a bark!
You hear a shout!
Your Dodging skill increases to level 1!
You have reached level 6!
You feel better.
You are engulfed in blazing flames.
You die...

## ### .. ..# #.
#.# ..##.. #.#
####
......##§##....$
.......§@)§)#
.##.##§§######
#§§§......
#..####### #..#
#.># #..# #..#
#..#


There were no monsters in sight!

Vanquished Creatures
  Duvessa (D:4)
  Dowan (D:4)
  A jelly (D:3)
  Natasha (twice) (D:2)
  4 adders
  3 worms (D:2)
  A dart slug (D:1)
  An orc (D:3)
  4 ball pythons
  4 endoplasms
  4 giant cockroaches
  5 hobgoblins
  6 kobolds
  2 quokkas
  8 bats
  A frilled lizard (D:3)
  8 goblins
  4 rats
60 creatures vanquished.

Notes
Turn   | Place    | Note
-------+----------+-------------------------------------------
     0 | D:1      | BearBoy19 the Hill Orc Fighter began the quest for the Orb.
     0 | D:1      | Reached XP level 1. HP: 19/19 MP: 1/1
   237 | D:1      | Reached XP level 2. HP: 22/27 MP: 2/2
   605 | D:1      | Reached skill level 3 in Axes
   720 | D:2      | Reached XP level 3. HP: 32/33 MP: 3/3
   784 | D:2      | Found a faded altar of an unknown god.
  1157 | D:2      | Noticed Natasha
  1173 | D:2      | Killed Natasha
  1174 | D:2      | Reached skill level 4 in Axes
  1174 | D:2      | Reached XP level 4. HP: 15/40 MP: 4/4
  1579 | D:2      | Noticed Natasha
  1586 | D:2      | Killed Natasha
  1629 | D:3      | Reached XP level 5. HP: 42/46 MP: 5/5
  2056 | D:3      | Reached skill level 5 in Axes
  2218 | D:4      | Noticed Duvessa
  2220 | D:4      | Noticed Dowan
  2225 | D:4      | Killed Duvessa
  2225 | D:4      | Killed Dowan
  2226 | D:4      | Reached skill level 1 in Dodging
  2226 | D:4      | Reached XP level 6. HP: 8/53 MP: 6/6
  2226 | D:4      | Engulfed by a cloud of flame

Illustrated notes

Levels and vault maps discovered:
D:1:      scummos_arrival_gate, layout_basic, serial_bayou_pond_a
D:2:      layout_loops_ring, chequers_ecumenical_altar_simple, uniq_natasha
D:3:      layout_basic, portal_sewer_entry_d
D:4:      layout_loops_ring, serial_bayou_pond_a, uniq_duvessa, uniq_sigmund,
          uniq_pikel

Skill      XL: |  1  2  3  4  5 |
---------------+----------------+-----
Axes           | 3 4 5 |  5.9
Fighting       | 4 |  4.4
Armour         | 4 |  4.7
Shields        | 4 |  4.2
Dodging        | 1 |  1.0
Throwing       | |  0.5

Action                   |  1- 3 |  4- 6 || total
-------------------------+-------+-------++-------
Melee: War axe           |   124 |    50 ||   174
Throw: Stone             |    11 |     2 ||    13
  Use: Potion            |     2 |     2 ||     4
       Scroll            |       |     2 ||     2
Armor: Scale mail        |    78 |    36 ||   114
Dodge: Dodged            |    73 |    40 ||   113
Block: Buckler           |    26 |     3 ||    29
       Kite shield       |       |    17 ||    17
